 Dungeon Crawl Stone Soup version 0.28-a0-1415-g7c84da036a (webtiles) character file.

Game seed: 9836456020147078162

45018 riojii the Summoner (level 13, -1/107 HPs)
             Began as a Grey Draconian Summoner on Jan 7, 2022.
             Was an Initiate of Gozag.
             Killed from afar by a starcursed mass (8 damage)
             ... with an accursed screaming
             ... on level 3 of the Abyss.
             The game lasted 02:05:44 (26888 turns).

riojii the Summoner (Grey Draconian Summoner)      Turns: 26888, Time: 02:05:45

Health: -1/107     AC: 15    Str: 10    XL:     13   Next: 99%
Magic:  17/27      EV: 12    Int: 26    God:    Gozag
Gold:   2513       SH:  0    Dex: 14    Spells: 8/32 levels left

rFire   + . .      SeeInvis .   x - +7 mace (vorpal)
rCold   . . .      Faith    .   (no shield)
rNeg    . . .      Spirit   .   (armour unavailable)
rPois   .          Reflect  .   (helmet restricted)
rElec   .          Harm     .   Z - +0 cloak of Purpose {Int+7}
rCorr   .          Rampage  .   (no gloves)
Will    .....                   q - +0 pair of boots
Stlth   ++........              H - amulet of regeneration
HPRegen 0.00/turn               g - ring of protection from fire
MPRegen 0.20/turn               M - ring of wizardry

@: about to teleport, sick
A: AC +13, amphibious, unfitting armour, cold-blooded
a: Renounce Religion, Potion Petition, Call Merchant, Bribe Branch


You were on level 3 of the Abyss.
You worshipped Gozag.
Gozag was most pleased with you.
You visited 2 branches of the dungeon, and saw 16 of its levels.
You visited the Abyss 1 time.
You also visited: Ossuary and Gauntlet.

You collected 3438 gold pieces.
You spent 770 gold pieces at shops.
You paid 155 gold pieces to Gozag.

Inventory:

Hand Weapons
 x - a +7 vorpal mace (weapon)
Missiles
 w - 2 curare-tipped darts (quivered)
Armour
 d - a scarf of repulsion
 e - a scarf of invisibility
 q - a +0 pair of boots (worn)
 W - a +1 kite shield of reflection
 Z - the +0 cloak of Purpose (worn) {Int+7}
   (You found it on level 15 of the Dungeon)

   Int:       It affects your intelligence (+7).
Jewellery
 g - a ring of protection from fire (left hand)
 t - a ring of ice
 H - an amulet of regeneration (around neck)
 M - a ring of wizardry (right hand)
 R - a ring of poison resistance
 V - a ring of fire
Wands
 p - a wand of paralysis (11)
 r - a wand of digging (2)
 J - a wand of acid (14)
 L - a wand of flame (10)
 P - a wand of iceblast (10)
 Y - a wand of polymorph (4)
Scrolls
 b - 2 scrolls of holy word
 c - 6 scrolls of teleportation
 f - 3 scrolls of brand weapon
 i - 2 scrolls of fog
 k - 3 scrolls of fear
 l - a scroll of enchant armour
 n - 8 scrolls of amnesia
 o - 4 scrolls of enchant weapon
 y - 4 scrolls of summoning
 F - 2 scrolls of blinking {unknown}
 Q - 2 scrolls of vulnerability {unknown}
 T - a scroll of identify
Potions
 a - 9 potions of curing {unknown}
 h - a potion of magic {unknown}
 j - 3 potions of attraction {unknown}
 z - 5 potions of mutation
 A - 3 potions of heal wounds {unknown}
 B - 3 potions of might {unknown}
 C - a potion of brilliance {unknown}
 D - 2 potions of flight {unknown}
 E - 3 potions of haste {unknown}
 G - a potion of lignification {unknown}
 I - 8 potions of ambrosia
 U - 2 potions of resistance {unknown}
 X - a potion of berserk rage {unknown}


   Skills:
 + Level 7.9 Fighting
 * Level 10.4 Maces & Flails
 - Level 1.7 Dodging
 - Level 1.7 Stealth
 + Level 10.3 Spellcasting
 * Level 5.0 Hexes
 + Level 12.3 Summonings
 - Level 10.3 Translocations
 - Level 6.0 Transmutations
 + Level 6.1 Earth Magic


You had 8 spell levels left.
You knew the following spells:

 Your Spells              Type           Power      Damage    Failure   Level
a - Summon Small Mammal   Summ           100%       N/A       1%          1
b - Call Canine Familiar  Summ           67%        N/A       1%          3
c - Summon Guardian Gole  Hex/Summ       55%        N/A       1%          3
d - Manifold Assault      Tloc           61%        N/A       1%          5
e - Summon Cactus Giant   Summ           33%        N/A       1%          6
f - Statue Form           Tmut/Erth      30%        N/A       22%         6

Your spell library contained the following spells:

 Spells                   Type           Power      Damage    Failure   Level
 Freeze                   Ice            52%        1d7       1%          1
 Magic Dart               Conj           52%        1d5       1%          1
 Blink                    Tloc           100%       N/A       1%          2
 Call Imp                 Summ           67%        N/A       1%          2
 Confusing Touch          Hex            39%        N/A       1%          3
 Tukima's Dance           Hex            39%        N/A       1%          3
 Leda's Liquefaction      Hex/Erth       21%        N/A       1%          4
 Passage of Golubria      Tloc           61%        N/A       1%          4
 Summon Lightning Spire   Summ/Air       45%        N/A       1%          4
 Scorch                   Fire           26%        2d6       2%          2
 Searing Ray              Conj           26%        2d5       2%          2
 Lee's Rapid Deconstruct  Erth           22%        3d14*     4%          5
 Frozen Ramparts          Ice            26%        1d4       5%          3
 Yara's Violent Unravell  Hex/Tmut       21%        3d10      5%          5
 Fulminant Prism          Conj/Hex       13%        3d9       6%          4
 Airstrike                Air            6%         N/A       17%         4
 Flame Wave               Conj/Fire      13%        2d5       17%         4
 Hailstorm                Conj/Ice       13%        3d5       17%         4
 Lightning Bolt           Conj/Air       6%         1d18      43%         5
 Enfeeble                 Hex            19%        N/A       86%         7
 Storm Form               Tmut/Air       14%        N/A       98%         7


Dungeon Overview and Level Annotations

Branches:
Dungeon (15/15)            Temple (1/1) D:7            Lair (0/6) D:10
    Orc (0/2) D:12         Vaults (0/5) D:14         Depths (0/4) D:15
Ossuary (visited)         Gauntlet (visited)

Altars:
Ashenzari
Cheibriados
Dithmenos
Elyvilon
Fedhas
Gozag
Hepliaklqana
Kikubaaqudgha
Makhleb
Nemelex Xobeh
Okawaru
Qazlal
Ru
Sif Muna
Trog
Uskayaw
Vehumet
Wu Jian
Xom
Yredelemnul
Zin
The Shining One
Beogh

Shops:
D:1 :   D:4 *   D:11 *


Innate Abilities, Weirdness & Mutations

Your dull iron-grey scales are very hard. (AC +13)
You are amphibious.
You cannot fit into any form of body armour.
You are cold-blooded and may be slowed by cold attacks.


Message History

A thrashing horror comes into view.
A starcursed mass splits.
The bone dragon bites you!! The bone dragon claws you.
* * * LOW HITPOINT WARNING * * *
The bone dragon tramples you but does no damage.
The hellwing barely misses you. The hellwing hits you.
* * * LOW HITPOINT WARNING * * *
The thrashing horror roars!
The thrashing horror roars!
The bone dragon bites you!
* * * LOW HITPOINT WARNING * * *
The bone dragon claws you but does no damage.
The bone dragon tramples you but does no damage.
A starcursed mass splits.
A starcursed mass splits.
The thrashing horror tramples you but does no damage.
The thrashing horror closely misses you.
The thrashing horror roars!
You feel ill.
A starcursed mass splits.
The thrashing horror tramples you but does no damage.
The thrashing horror closely misses you.
The thrashing horror tramples you but does no damage.
The thrashing horror barely misses you.
The thrashing horror closely misses you.
The thrashing horror barely misses you.
The thrashing horror tramples you but does no damage. x2
The thrashing horror tramples you.
* * * LOW HITPOINT WARNING * * *
You hold your ground!
The thrashing horror tramples you.
* * * LOW HITPOINT WARNING * * *
You hold your ground!
The thrashing horror roars!
The thrashing horror misses you.
The thrashing horror tramples you but does no damage.
The thrashing horror tramples you!
* * * LOW HITPOINT WARNING * * *
You stumble backwards!
A chorus of shrieks assaults your mind.
You die...
Your body crumbles into a pile of gold.

.....#### # ..........
... ##..X....##...#
#X..)........#.# ## ≈
## X.. ....##... #. ≈≈
#.#......#..#.#§#.# ≈≈≈
#..XX?.#X.##..#..#§#≈≈≈
#....X#X.....#...§≈≈≈≈≈
#...!..X#..##..@# ≈≈≈
##....X#.#.X..X§≈≈≈♣≈
#....#X..4xX...##≈≈≈≈.
#... >
#.#.##X#.≈#≈≈≈≈≈#
#.#...
.##X.#.#.§§♣≈♣≈#.
...###...#[..###≈≈≈≈#..
#
.#....##.....≈≈≈≈≈≈...
.. ........#..≈♣≈≈≈#..
...#.#.###≈≈≈≈≈≈#


You could see 2 starcursed masses, an ancient zyme, 3 thrashing horrors and a
hellwing.

Vanquished Creatures
  An orc sorcerer (D:15)
  An ugly thing (D:14)
  A yak (D:10)
  A hog (D:15)
  A warg (D:14)
  A centaur (D:10)
  A phantom (D:6)
  A bullfrog (D:7)
  A scorpion (D:5)
  3 killer bees (D:11)
  2 hounds
  A jelly (D:6)
  An orc priest (D:4)
  An iguana (D:4)
  An orc wizard (D:10)
  A gnoll (D:8)
  3 adders
  4 dart slugs
  3 orcs
  9 ball pythons
  8 bats
  7 endoplasms
  6 giant cockroaches
  6 goblins
  4 hobgoblins
  2 quokkas
  2 frilled lizards (D:1)
  7 kobolds
  An orc zombie (Ossuary)
  7 rats
88 creatures vanquished.

Vanquished Creatures (collateral kills)
  Kirke (D:15)
  A hydra (D:13)
  A vault guard (D:14)
  An ogre mage (D:15)
  2 catoblepae (D:13)
  3 two-headed ogres
  An orc knight (D:15)
  10 ugly things (D:14)
  A wizard (D:15)
  A manticore (D:11)
  5 cyclopes
  A water nymph (shapeshifter) (D:15)
  2 kobold demonologists
  A tengu conjurer (D:13)
  A queen bee (D:11)
  5 meliai (D:15)
  A troll (D:14)
  A nameless horror (D:13)
  Prince Ribbit (D:5)
  3 slime creatures (D:12)
  A shadow (D:9)
  A vampire (D:11)
  2 wraiths
  8 yaks
  4 hogs (D:15)
  8 vampire mosquitoes
  Menkaure (D:7)
  A warg (D:15)
  4 acid dragons
  An ice beast (D:7)
  3 orc warriors
  2 sky beasts
  2 black bears (D:7)
  A necrophage (D:6)
  4 boggarts (D:15)
  2 ogres (D:15)
  2 centaurs
  A phantom (D:5)
  2 kobold brigands
  2 bullfrogs (D:6)
  A gnoll sergeant (D:6)
  A scorpion (D:4)
  A water moccasin skeleton (D:6)
  22 killer bees
  2 howler monkeys (D:11)
  2 wights (D:7)
  6 centaur zombies
  A human zombie (Ossuary)
  A jelly (D:6)
  A bullfrog skeleton (D:5)
  A gnoll shaman (D:8)
  7 orc priests
  2 centaur skeletons
  12 orc wizards
  A scorpion zombie (D:5)
  A hound skeleton (D:4)
  3 mummies (Ossuary)
  9 gnolls
  A howler monkey skeleton (D:7)
  A howler monkey zombie (D:9)
  16 adders
  A shadow imp (D:5)
  An ufetubus (D:6)
  An adder skeleton (D:4)
  A worm (D:3)
  2 dart slugs
  42 orcs
  3 endoplasms
  A giant cockroach (D:3)
  A goblin (D:3)
  A jackal (D:5)
  12 kobolds
  2 bats (D:3)
  2 goblin zombies (Ossuary)
  2 kobold zombies (Ossuary)
  A rat (D:2)
260 creatures vanquished.

Vanquished Creatures (others)
  Snorg (D:15)
  7 vault guards (D:14)
  A hydra (D:15)
  A boulder beetle (D:14)
  2 centaur warriors
  3 two-headed ogres
  2 tengu warriors (D:14)
  2 deep trolls (D:15)
  2 ugly things
  A cyclops (D:15)
  A manticore (D:15)
  A centaur zombie (D:11)
  A kobold demonologist (D:10)
  A komodo dragon (D:10)
  2 tengu conjurers
  3 trolls
  A meliai (D:15)
  A shadow (D:6)
  4 yaks
  A hog (D:15)
  A steam dragon (D:9)
  Edmund (D:6)
  A water moccasin (shapeshifter) (D:13)
  A black bear (D:5)
  An ice beast (D:5)
  2 orc warriors
  4 ogres
  6 centaurs
  3 kobold brigands
  Blork the orc (D:6)
  10 killer bees
  7 wights
  Crazy Yiuf (D:6)
  Terence (D:2)
  2 orc wizards
  8 gnolls
  3 orcs
  An endoplasm (D:2)
  A kobold (D:6)
  2 plants (D:7)
95 creatures vanquished.

Grand Total: 443 creatures vanquished

Notes
Turn   | Place    | Note
-------+----------+-------------------------------------------
     0 | D:1      | riojii the Draconian Summoner began the quest for the Orb.
     0 | D:1      | Reached XP level 1. HP: 14/14 MP: 3/3
   381 | D:1      | Found Niuvaonoi's Book Shop.
   384 | D:1      | Reached XP level 2. HP: 19/20 MP: 5/5
  1037 | D:1      | Reached XP level 3. HP: 26/26 MP: 7/7
  1051 | D:1      | Learned a level 3 spell: Call Canine Familiar
  1055 | D:1      | Learned a level 3 spell: Summon Guardian Golem
  1118 | D:1      | Found a faded altar of an unknown god.
  1705 | D:2      | Reached skill level 1 in Hexes
  2248 | D:2      | Reached XP level 4. HP: 33/33 MP: 5/8
  2294 | D:2      | Noticed Terence
  2322 | D:2      | Killed Terence
  2409 | D:2      | Reached skill level 5 in Summonings
  2429 | D:2      | Found a glowing golden altar of the Shining One.
  2934 | D:3      | Found a white marble altar of Elyvilon.
  2950 | D:3      | Reached XP level 5. HP: 38/38 MP: 9/9
  3004 | D:3      | Found a basalt altar of Yredelemnul.
  4443 | D:4      | Reached XP level 6. HP: 31/45 MP: 2/10
  5188 | D:4      | Found Ziblel's Mass Market.
  5389 | D:4      | Reached skill level 6 in Summonings
  5399 | D:4      | Reached skill level 5 in Hexes
  5399 | D:4      | Your scales start taking on a dull iron-grey colour.
  5399 | D:4      | Reached XP level 7. HP: 15/50 MP: 5/11
  6038 | D:5      | Entered Level 5 of the Dungeon
  6666 | D:5      | Reached skill level 7 in Summonings
  7068 | D:5      | Reached XP level 8. HP: 25/57 MP: 4/14
  7322 | D:5      | Found a hide-covered altar of Uskayaw.
  7617 | D:5      | Reached skill level 5 in Spellcasting
  8339 | D:6      | Found a sand-covered staircase.
  8340 | D:6      | Noticed Prince Ribbit
  8342 | D:6      | Noticed Edmund
  8396 | D:6      | Reached skill level 8 in Summonings
  8400 | D:6      | Noticed Blork the orc
  8409 | D:6      | Killed Blork the orc
  8646 | D:5      | Killed Prince Ribbit
  8955 | Ossuary  | Entered an ossuary
  9038 | Ossuary  | Reached XP level 9. HP: 62/62 MP: 18/18
  9247 | D:6      | Reached skill level 9 in Summonings
  9526 | D:6      | Found an ornate altar of the Wu Jian Council.
  9528 | D:6      | You fall into a shaft and drop 2 floors!
  9555 | D:7      | Found a staircase to the Ecumenical Temple.
  9560 | Temple   | Entered the Ecumenical Temple
  9758 | Temple   | Became a worshipper of Gozag Ym Sagoz the Greedy
  9995 | D:7      | Noticed Menkaure
 10003 | D:7      | Killed Menkaure
 10100 | D:7      | Reached skill level 10 in Summonings
 10988 | D:6      | Found a runed translucent door.
 10989 | D:6      | Noticed Crazy Yiuf
 11182 | D:6      | Found a blossoming altar of Fedhas.
 11228 | D:6      | Killed Edmund
 11275 | D:6      | Reached XP level 10. HP: 66/69 MP: 17/22
 11652 | D:6      | Killed Crazy Yiuf
 12001 | D:1      | Bought an Inescapable Atlas for 374 gold pieces
 12010 | D:1      | Learned a level 5 spell: Manifold Assault
 12380 | D:8      | Reached skill level 1 in Maces & Flails
 12382 | D:8      | Reached skill level 1 in Translocations
 12772 | D:8      | Reached skill level 1 in Fighting
 14567 | D:10     | Entered Level 10 of the Dungeon
 14569 | D:10     | Found a shimmering blue altar of Sif Muna.
 14660 | D:10     | Noticed a two-headed ogre
 14667 | D:10     | Killed a two-headed ogre
 14671 | D:10     | Reached skill level 5 in Maces & Flails
 14671 | D:10     | Reached skill level 5 in Translocations
 15051 | D:10     | Found a glowing golden altar of the Shining One.
 15152 | D:10     | Reached XP level 11. HP: 84/84 MP: 21/23
 15361 | D:10     | Learned a level 6 spell: Summon Cactus Giant
 15532 | D:10     | Found a staircase to the Lair.
 16372 | D:10     | Noticed a brown ugly thing
 16382 | D:10     | Killed a brown ugly thing
 16428 | D:10     | Noticed a two-headed ogre
 16440 | D:10     | Killed a two-headed ogre
 16857 | D:1      | Bought a book of the Earth for 396 gold pieces
 16864 | D:1      | Learned a level 6 spell: Statue Form
 17124 | D:11     | Reached skill level 1 in Earth Magic
 17388 | D:11     | Found a gate leading to a gauntlet.
 17404 | D:11     | Reached skill level 11 in Summonings
 17445 | Gauntlet | Entered a Gauntlet
 17445 | Gauntlet | Found a transporter.
 17450 | Gauntlet | Found a transporter.
 17452 | Gauntlet | Found a transporter.
 17466 | Gauntlet | Found a transporter.
 17474 | Gauntlet | Found a transporter.
 17495 | Gauntlet | Found a transporter.
 17505 | Gauntlet | Noticed a sixfirhy
 17506 | Gauntlet | Found a transporter.
 17513 | Gauntlet | Noticed a sixfirhy
 17517 | Gauntlet | Noticed a glowing orange brain
 17518 | Gauntlet | Found a transporter.
 17519 | Gauntlet | Noticed a sixfirhy
 17520 | Gauntlet | Noticed a glowing orange brain
 17522 | Gauntlet | Noticed a sixfirhy
 17530 | Gauntlet | Noticed a green ugly thing
 17532 | Gauntlet | Noticed a cyan ugly thing
 17537 | Gauntlet | Found a transporter.
 17551 | Gauntlet | Found a transporter.
 17551 | Gauntlet | Found a transporter.
 17599 | Gauntlet | Found a runed translucent door.
 17603 | Gauntlet | Found a runed translucent door.
 17605 | Gauntlet | Found a transporter.
 17619 | Gauntlet | Found a transporter.
 17662 | Gauntlet | Found a transporter.
 18210 | D:11     | Found Acoziusa's General Store.
 18263 | D:11     | Reached skill level 5 in Fighting
 18865 | D:12     | Found a staircase to the Orcish Mines.
 18908 | D:12     | Noticed Snorg
 18915 | D:12     | Noticed a two-headed ogre
 18929 | D:12     | Killed a two-headed ogre
 19074 | D:12     | Identified the +5 ring mail "Upan" {rElec Regen+}
 19354 | D:12     | Reached XP level 12. HP: 94/94 MP: 16/25
 19367 | D:12     | Reached skill level 5 in Earth Magic
 19646 | D:13     | Noticed a six-headed hydra
 19653 | D:13     | Killed a six-headed hydra
 20453 | D:13     | Noticed a catoblepas
 20466 | D:13     | Noticed a catoblepas
 20745 | D:13     | Killed a catoblepas
 20762 | D:13     | Killed a catoblepas
 21024 | D:13     | Noticed a centaur warrior
 21052 | D:13     | Killed a centaur warrior
 21746 | D:14     | Reached skill level 1 in Transmutations
 22103 | D:14     | Noticed a boulder beetle
 22126 | D:14     | Killed a boulder beetle
 22369 | D:14     | Noticed a tengu warrior
 22370 | D:14     | Noticed a tengu warrior
 22412 | D:14     | Killed a tengu warrior
 22426 | D:14     | Killed a tengu warrior
 22969 | D:14     | Reached XP level 13. HP: 97/104 MP: 7/26
 23218 | D:14     | Found a glowing golden altar of the Shining One.
 23796 | D:14     | Found a gate to the Vaults.
 24187 | D:15     | Entered Level 15 of the Dungeon
 24299 | D:15     | Reached skill level 10 in Spellcasting
 24405 | D:15     | Reached skill level 12 in Summonings
 24883 | D:15     | Killed Snorg
 24884 | D:15     | Reached skill level 5 in Transmutations
 25111 | D:15     | Found a bloodstained altar of Trog.
 25197 | D:15     | Reached skill level 10 in Maces & Flails
 25330 | D:15     | Reached skill level 10 in Translocations
 25798 | D:15     | Noticed Kirke
 26078 | D:15     | Killed Kirke
 26346 | D:15     | Found a staircase to the Depths.
 26790 | D:15     | Identified the +0 cloak of Purpose {Int+7}
 26852 | D:15     | Cast into level 3 of the Abyss (a wizard)
 26852 | Abyss:3  | Noticed a bone dragon
 26874 | Abyss:3  | Noticed a starcursed mass
 26888 | Abyss:3  | Killed from afar by a starcursed mass

Illustrated notes

Levels and vault maps discovered:
D:1:      ncdulo_smallfort, layout_basic,
          hellmonk_ecumenical_altar_defaced_shrine, serial_shops,
          nicolae_shop_hallway_plus, minivault_4, minmay_pentomino_o2
D:2:      layout_loops_ring, basic_altar, minivault_27, uniq_terence
D:3:      layout_basic, amcnicky_altar_gilded, mainiacjoe_overflow_tiny_flanked,
          minmay_pentangle
D:4:      layout_basic, minmay_shop_mass
D:5:      layout_layer_cave, general_overflow_altar,
          nicolae_concentric_dashed_squares_mild, minmay_quadrilaterals
D:6:      layout_rooms, mainiacjoe_overflow_catwalk, kennysheep_little_box,
          nicolae_ossuary_entry_ruins, grunt_tough_drop, uniq_edmund,
          uniq_blork_the_orc, uniq_prince_ribbit1, uniq_crazy_yiuf_cottage
D:7:      layout_basic, minmay_temple_entry_overgrown, uniq_menkaure
D:8:      layout_loops_ring, special_room [special_room_orc],
          serial_bayou_pond_e
D:9:      layout_loops_corners
D:10:     layout_basic, lemuel_crystal_altar,
          mainiacjoe_overflow_concentric_impassable, lair_entry_dummy,
          kb_lookout_dungeons_type
D:11:     layout_basic, gauntlet_entry_generic, special_room [special_room_bee],
          serial_shops, shop
D:12:     layout_big_octagon, orc_0_dummy, uniq_snorg
D:13:     layout_basic, serial_rivers, chequers_serial_rivers_marsh,
          chequers_serial_rivers_small_a, chequers_serial_rivers_micro_d,
          chequers_serial_rivers_micro_e, chequers_serial_rivers_micro_a
D:14:     layout_loops_ring, erik_vaults_2, nicolae_tso_carved_into_rock
D:15:     hangedman_depths_entry_civil_slaughter, layout_long_grid, bloody_trog,
          eino_small_chamber_without_monster, chequers_serial_rivers_room_b,
          uniq_kirke
Temple:   regret_index_temple_generic_petals
Abyss:3:  base: D:10, gammafunk_abyss_exit_x_factor,
          nicolae_abyss_rune_star_stuff

Skill      XL: |  1  2  3  4  5  6  7  8  9 10 11 12 13 |
---------------+----------------------------------------+-----
Hexes          | 1 2 3 5 |  5.0
Summonings     | 5 6 7 8 10 11 12 | 12.3
Spellcasting   | 4 6 8 9 10 | 10.3
Maces & Flails | 5 7 8 10 | 10.4
Translocations | 5 7 8 10 | 10.3
Fighting       | 4 5 6 7 |  7.9
Earth Magic    | 4 6 |  6.1
Transmutations | 3 6 |  6.0
Dodging        | |  1.7
Stealth        | |  1.7

Action                   |  1- 3 |  4- 6 |  7- 9 | 10-12 | 13-15 || total
-------------------------+-------+-------+-------+-------+-------++-------
Melee: Mace              |    41 |       |    12 |    44 |    29 ||   126
       Tailslap          |    14 |    20 |     7 |     6 |     4 ||    51
       Staff             |   102 |   149 |    35 |       |       ||   286
       Punch             |     2 |     2 |     1 |       |     2 ||     7
       Dagger            |       |       |    23 |       |       ||    23
Throw: Dart              |       |       |       |     5 |       ||     5
 Cast: Call Canine Famil |     3 |    26 |    40 |    43 |     2 ||   114
       Summon Small Mamm |     2 |     2 |    11 |     4 |       ||    19
       Summon Guardian G |       |    11 |    42 |    87 |    50 ||   190
       Summon Cactus Gia |       |       |       |    42 |    26 ||    68
       Manifold Assault  |       |       |       |     3 |     5 ||     8
  Use: Scroll            |       |       |     6 |     5 |     3 ||    14
       Potion            |       |       |     1 |       |     1 ||     2
 Stab: Sleeping          |       |     3 |       |       |       ||     3
       Distracted        |       |     1 |     1 |     2 |       ||     4
Armor: Skin              |    59 |    88 |    39 |    64 |    40 ||   290
Dodge: Dodged            |   111 |   139 |    88 |   131 |    52 ||   521
       Repelled          |       |       |     1 |     3 |     1 ||     5

Table legend: (Time is in decaauts)
 A = Elapsed time spent in this place.
 B = Non-inter-level travel time spent in this place.
 C = Inter-level travel time spent in this place.
 D = Time resting spent in this place.
 E = Time spent auto-exploring this place.
 F = Levels seen in this place.
 G = Mean time per level.
                   A        B        C        D        E       F      G
               +--------+--------+--------+--------+--------+-----+--------+
         Total |  27007 |  26506 |    501 |   8029 |  11275 |  19 | 1421.4 |
       Dungeon |  26118 |  25617 |    501 |   8029 |  10906 |  15 | 1741.2 |
        Temple |    241 |    241 |      0 |      0 |    178 |   1 |  241.0 |
         Abyss |     35 |     35 |      0 |      0 |      0 |   1 |   35.0 |
       Ossuary |    257 |    257 |      0 |      0 |      0 |   1 |  257.0 |
      Gauntlet |    353 |    353 |      0 |      0 |    191 |   1 |  353.0 |
               +--------+--------+--------+--------+--------+-----+--------+

Top non-repeatable levels by time:
    D:14: 2953 daAuts
     D:5: 2549 daAuts
    D:13: 2147 daAuts
    D:10: 2079 daAuts
    D:15: 2025 daAuts
     D:4: 2016 daAuts
     D:1: 1720 daAuts
     D:9: 1687 daAuts
     D:3: 1684 daAuts
     D:6: 1496 daAuts
     D:2: 1465 daAuts
     D:7: 1205 daAuts
    D:11: 1183 daAuts
     D:8: 1055 daAuts
    D:12: 851 daAuts
